 Dungeon Crawl Stone Soup version 0.28.0-53-g5a82cb258f (webtiles) character file.

Game seed: 1679498724532251194

11 protoss039 the Digger (level 2, 21/21 HPs)
             Began as a Demonspawn Earth Elementalist on June 7, 2022.
             Got out of the dungeon alive.
             The game lasted 00:01:37 (318 turns).

protoss039 the Digger (DsEE)                         Turns: 318, Time: 00:01:37

Health: 21/21      AC:  2    Str:  8    XL:     2   Next: 13%
Magic:  2/5        EV: 12    Int: 16    God:
Gold:   23         SH:  0    Dex: 13    Spells: 4/5 levels left

rFire   . . .      SeeInvis .   a - +0 club
rCold   . . .      Faith    .   (no shield)
rNeg    . . .      Spirit   .   b - +0 robe
rPois   .          Reflect  .   (no helmet)
rElec   .          Harm     .   (no cloak)
rCorr   .          Rampage  .   (no gloves)
Will    .....                   (no boots)
Stlth   ++........              (no amulet)
HPRegen 0.07/turn               (no ring)
MPRegen 0.09/turn               (no ring)

@: no status effects
A: claws 1
a: no special abilities


You escaped.
You visited 1 branch of the dungeon, and saw 1 of its levels.

You collected 23 gold pieces.

Inventory:

Hand Weapons
 a - a +0 club (weapon)
Missiles
 c - 30 stones
Armour
 b - a +0 robe (worn)
Scrolls
 d - a scroll of fear {unknown}
 g - a scroll of identify {unknown}
 h - a scroll of teleportation {unknown}
Potions
 e - a potion of curing {unknown}
 f - a potion of lignification {unknown}


   Skills:
 * Level 1.1 Fighting
 + Level 0.3 Armour
 - Level 1.7 Dodging
 - Level 1.7 Stealth
 + Level 2.1 Spellcasting
 - Level 1.0 Transmutations
 + Level 2.8 Earth Magic


You had 4 spell levels left.
You knew the following spells:

 Your Spells              Type           Power      Damage    Failure   Level
a - Sandblast             Erth           20%        2d7       6%          1

Your spell library contained the following spells:

 Spells                   Type           Power      Damage    Failure   Level
 Passwall                 Tmut/Erth      5%         N/A       14%         2
 Stone Arrow              Conj/Erth      12%        3d7       34%         3
 Petrify                  Tmut/Erth      7%         N/A       67%         4
 Leda's Liquefaction      Hex/Erth       3%         N/A       75%         4
 Lee's Rapid Deconstruct  Erth           5%         3d7*      87%         5
 Statue Form              Tmut/Erth      4%         N/A       100%        6


Dungeon Overview and Level Annotations

Branches:
Dungeon (1/15)

Altars:


Innate Abilities, Weirdness & Mutations

You have sharp fingernails.


Message History

Aiming: Sandblast (safe; 7% risk of failure)
Press: ? - help, Shift-Dir - straight line, f - endoplasm
Aim: an endoplasm (98% to hit)
The blast of sand hits the endoplasm!
You kill the endoplasm!
Your Fighting skill increases to level 1!
You have reached level 2!
Your demonic ancestry asserts itself...
Your fingernails lengthen.
There is an open door here.
Things that are here:
a +0 dagger; a ball python corpse; a goblin corpse Unknown command.
Press: ? - help, v - describe, . - travel, g - get item
Items here: a +0 dagger; a ball python corpse; a goblin corpse.
An open door.
Unknown command.
g - a scroll labelled MEXTOCZUMU
h - a scroll labelled XYON UWEOPT A jackal comes into view.
The jackal barks!
Casting: Sandblast (safe; 7% risk of failure)
Confirm with . or Enter, or press ? or * to list all spells.
Aiming: Sandblast (safe; 7% risk of failure)
Press: ? - help, Shift-Dir - straight line, f - jackal
Aim: a jackal (74% to hit)
The blast of sand hits the jackal.
You kill the jackal!
Unknown command.
Casting: Sandblast (safe; 7% risk of failure)
Confirm with . or Enter, or press ? or * to list all spells.
Aiming: Sandblast (safe; 7% risk of failure)
Press: ? - help, Shift-Dir - straight line, f - jackal
Aim: a jackal (74% to hit)
The blast of sand hits the jackal!
You kill the jackal!
Unknown command.
There is a staircase leading out of the dungeon here.
Are you sure you want to leave the Dungeon?
This will make you lose the game!
You have escaped!

#.#..÷........##....h..#.
#.#...........##.†.....#.
#.#.8..8.8..8.#..#.....##
#.#...........#..#.....#
#.#...........#..#.....#
#.#...........#..#.....#
#.#...........#........##
#.#...........#.....†....
#.......@................
###...........#...#......
#...........#..........
#...........#..........
#...........#..#.......
#...........#..#......#
#.8..8.8..8.#..#......#
#...........#..# ....
#...........#


There were no monsters in sight!

Vanquished Creatures
  An endoplasm (D:1)
  A goblin (D:1)
  3 jackals (D:1)
  A quokka (D:1)
  A ball python (D:1)
  A bat (D:1)
  A frilled lizard (D:1)
  A rat (D:1)
10 creatures vanquished.

Notes
Turn   | Place    | Note
-------+----------+-------------------------------------------
     0 | D:1      | protoss039 the Demonspawn Earth Elementalist began the
                  | quest for the Orb.
     0 | D:1      | Reached XP level 1. HP: 13/13 MP: 3/3
   214 | D:1      | Reached skill level 1 in Transmutations
   268 | D:1      | Reached skill level 1 in Fighting
   268 | D:1      | Gained mutation: You have sharp fingernails. [demonic
                  | ancestry]
   268 | D:1      | Reached XP level 2. HP: 21/21 MP: 0/5
   318 | D:$      | Got out of the dungeon alive.

Illustrated notes

Levels and vault maps discovered:
D:1:      giann_forest_graveyard, layout_basic, minmay_splitting_lines

Skill      XL: |  1 |
---------------+----+-----
Transmutations | 1 |  1.0
Fighting       | 1 |  1.1
Armour         | |  0.3
Dodging        | |  1.7
Stealth        | |  1.7
Spellcasting   | |  2.1
Earth Magic    | |  2.8

Action                   || total
-------------------------++-------
Melee: Club              ||     7
       Punch             ||     1
 Cast: Sandblast         ||    12
Armor: Robe              ||     4
Dodge: Dodged            ||    14
